 Dungeon Crawl Stone Soup version 0.25.0-9-g26727b657a (webtiles) character file.

Game seed: 6886065281167377878

123 funkygono the Shield-Bearer (level 5, -3/33 HPs)
             Began as a Gargoyle Fighter on June 21, 2020.
             Slain by an iguana (4 damage)
             ... on level 4 of the Dungeon.
             The game lasted 00:04:51 (2347 turns).

funkygono the Shield-Bearer (Gargoyle Fighter)      Turns: 2347, Time: 00:04:51

Health: -3/33      AC: 11    Str: 19    XL:     5   Next: 7%
Magic:  5/5        EV:  7    Int: 10    God:
Gold:   224        SH:  9    Dex:  9    Spells: 4/4 levels left

rFire    + . .     SeeInvis .   a - +0 flail
rCold    + . .     Gourm    .   c - +0 kite shield
rNeg     + . .     Faith    .   b - +0 scale mail
rPois    ∞         Spirit   .   (no helmet)
rElec    +         Reflect  .   (no cloak)
rCorr    .         Harm     .   (no gloves)
MR       .....                  (no boots)
Stlth    ..........             (no amulet)
HPRegen  0.11/turn              i - ring of protection from cold
MPRegen  0.09/turn              g - ring of protection from fire

@: no status effects
A: negative energy resistance 1, electricity resistance, unbreathing,
petrification resistance, rot immunity, AC +4
a: no special abilities


You were on level 4 of the Dungeon.
You were not hungry.

You visited 1 branch of the dungeon, and saw 4 of its levels.

You collected 224 gold pieces.

Inventory:

Hand Weapons
 a - a +0 flail (weapon)
Missiles
 h - 109 stones (quivered)
Armour
 b - a +0 scale mail (worn)
 c - a +0 kite shield (worn)
 k - a +0 chain mail
Jewellery
 g - a ring of protection from fire (right hand)
 i - a ring of protection from cold (left hand)
 o - an uncursed ring of fire
Wands
 q - a wand of paralysis (8)
Potions
 d - 2 potions of might
 e - 2 potions of ambrosia
 j - 4 potions of curing
 l - a potion of cancellation
 n - 2 potions of flight {unknown}
 p - a potion of mutation {unknown}
Comestibles
 f - 4 rations


   Skills:
 + Level 3.7 Fighting
 + Level 2.6 Maces & Flails
 * Level 4.2 Armour
 + Level 0.2 Dodging
 + Level 0.2 Stealth
 * Level 4.7 Shields


You had 4 spell levels left.
You didn't know any spells.
Your spell library contained the following spells:

 Spells                   Type           Power        Failure   Level  Hunger
 Beastly Appendage        Tmut           #.....       99%         1    ##.....
 Sticks to Snakes         Tmut           #.......     99%         2    ###....
 Spider Form              Tmut/Pois      #.........   100%        3    ####...
 Ice Form                 Ice/Tmut       #.......     100%        4    #####..
 Blade Hands              Tmut           #.........   100%        5    ######.


Dungeon Overview and Level Annotations

Branches:
Dungeon (4/15)
 Temple: D:4-7

Altars:
Ashenzari
Fedhas
Qazlal
Uskayaw
Zin


Innate Abilities, Weirdness & Mutations

You are resistant to torment.
Your stone body is resilient. (AC +4)
You are immune to poison.
You resist negative energy. (rN+)
You are resistant to electric shocks. (rElec)
You can survive without breathing.
You are immune to petrification.
You are immune to rotting.


Message History

The adder is severely wounded.
The adder bites you but does no damage. The iguana bites you.
The adder bites you.
* * * LOW HITPOINT WARNING * * *
The iguana barely misses you.
You hit the adder.
You kill the adder!
You have reached level 5!
You block the iguana's attack.
You hit the iguana.
The iguana is lightly wounded.
You block the iguana's attack. x2
You closely miss the iguana.
The iguana is lightly wounded.
The iguana bites you!
* * * LOW HITPOINT WARNING * * *
You hit the iguana but do no damage.
The iguana is lightly wounded.
The iguana bites you.
You die...

### #
##.####.
...... ....#
#...#
#####...####.
#..@lS...?...
#.###........
# ..#.####>
#.##.!. #.
.... #. .....
#. ..S. #.
...%


You could see an iguana and an adder.

Vanquished Creatures
  A worker ant (D:2)
  4 adders
  2 oozes (D:3)
  3 worms (D:2)
  A dart slug (D:3)
  2 orcs (D:3)
  A giant cockroach (D:3)
  4 hobgoblins
  7 bats
  3 frilled lizards
  7 goblins
  5 kobolds
  7 rats
47 creatures vanquished.

Notes
Turn   | Place    | Note
-------+----------+-------------------------------------------
     0 | D:1      | funkygono the Gargoyle Fighter began the quest for the Orb.
     0 | D:1      | Reached XP level 1. HP: 14/14 MP: 1/1
   112 | D:1      | Found a shattered altar of Ashenzari.
   545 | D:1      | Reached XP level 2. HP: 19/19 MP: 2/2
   991 | D:2      | Reached XP level 3. HP: 15/23 MP: 3/3
  1007 | D:2      | Reached XP level 4. HP: 10/28 MP: 4/4
  1456 | D:2      | Found a stormy altar of Qazlal.
  2009 | D:3      | Found a blossoming altar of Fedhas.
  2129 | D:3      | Found a glowing silver altar of Zin.
  2129 | D:3      | Found a hide-covered altar of Uskayaw.
  2133 | D:3      | Found a stormy altar of Qazlal.
  2344 | D:4      | Reached XP level 5. HP: 9/33 MP: 5/5
  2346 | D:4      | HP: 1/33 [iguana (9)]
  2347 | D:4      | Slain by an iguana

Illustrated notes

Levels and vault maps discovered:
D:1:      nzn_arrival_settlement, layout_basic, serial_glass, glass_columns_b,
          glass_columns_a, nicolae_ashenzari_panopticon
D:2:      layout_rooms, first_ration, nicolae_qazlal_eye_of_the_storm
D:3:      layout_rooms, lemuel_doored_altar, minitemple, serial_glass,
          glass_columns_c, glass_columns_a, glass_columns_b, glass_columns_a,
          glass_columns_a, glass_columns_a, item_on_display_a, item_on_display_a
D:4:      layout_loops_ring, marbit_many_paths, uniq_eustachio,
          uniq_crazy_yiuf_cottage

Skill      XL: |  1  2  3 |
---------------+----------+-----
Armour         | 4 |  4.2
Shields        | 4 |  4.7
Fighting       | |  3.7
Maces & Flails | |  2.6
Dodging        | |  0.2
Stealth        | |  0.2

Action                   |  1- 3 |  4- 6 || total
-------------------------+-------+-------++-------
Melee: Flail             |    68 |   124 ||   192
  Use: Scroll            |     3 |     2 ||     5
  Eat: Chunk             |       |     5 ||     5
Armor: Scale mail        |    34 |    64 ||    98
Dodge: Dodged            |    35 |    35 ||    70
Block: Kite shield       |    39 |    56 ||    95
